| TOP OF THE 1ST |
|
Bluefield Blue Jays batting - Pitching for Detroit (APP) Tigers : LHP Randolph Main
|
|
Pitching: LHP Randolph Main
|
|
|
Batting: RHB Manny Elizondo
|
0-0: SINGLE (Line Drive, 9LS, EV 86.9 MPH)
|
|
Batting: RHB Mark Noftall
|
0-0: Ball 1-0: SINGLE (Groundball, 56S, EV 66.9 MPH) (infield hit) Manny Elizondo to second
|
|
Batting: LHB Nate Greening
|
0-0: Ball 1-0: Ball 2-0: Ball Wild Pitch! Manny Elizondo to third Mark Noftall to second 3-0: Called Strike 3-1: Base on Balls
|
|
Batting: RHB Terry Plumley
|
0-0: Fly out, F8 (Flyball, 8RD, EV 86.9 MPH) Runner from 3rd tags up, SCORES, throw by CF
|
|
Batting: RHB Akira Kubo
|
0-0: Ball 1-0: Grounds into double play, 6-4-3 (Groundball, 6, EV 98.1 MPH)
|
| Top of the 1st over - 1 run, 2 hits, 0 errors, 1 left on base; Bluefield 1 - Detroit (APP) 0 |
| BOTTOM OF THE 1ST |
|
Detroit (APP) Tigers batting - Pitching for Bluefield Blue Jays : RHP Shalom Diender
|
|
Pitching: RHP Shalom Diender
|
|
|
Batting: RHB Norm Wood
|
0-0: Ball 1-0: Ball 2-0: Ball 3-0: Base on Balls
|
|
Batting: RHB Seth Fox
|
0-0: Fly out, F9 (Flyball, 89M, EV 91.9 MPH)
|
|
Batting: SHB Ronnie Lundy
|
0-0: Ball 1-0: Foul Ball, location: 2F 1-1: Called Strike 1-2: Foul Ball, location: 2F 1-2: Grounds into double play, 5-4-3 (Groundball, 25, EV 76.9 MPH)
|
| Bottom of the 1st over - 0 runs, 0 hits, 0 errors, 0 left on base; Bluefield 1 - Detroit (APP) 0 |
| TOP OF THE 2ND |
|
Bluefield Blue Jays batting - Pitching for Detroit (APP) Tigers : LHP Randolph Main
|
|
Batting: RHB Jake Bronner
|
0-0: Ball 1-0: Swinging Strike 1-1: Foul Ball, location: 2F 1-2: Ball 2-2: Fly out, F9 (Line Drive, 9, EV 103.1 MPH)
|
|
Batting: RHB David Gamez
|
0-0: Foul Ball, location: 2F 0-1: Ground out 5-3 (Groundball, 56, EV 102.5 MPH)
|
|
Batting: RHB Jorge Cruz
|
0-0: Ball 1-0: Ground out 6-3 (Groundball, 6, EV 76.2 MPH)
|
| Top of the 2nd over - 0 runs, 0 hits, 0 errors, 0 left on base; Bluefield 1 - Detroit (APP) 0 |
| BOTTOM OF THE 2ND |
|
Detroit (APP) Tigers batting - Pitching for Bluefield Blue Jays : RHP Shalom Diender
|
|
Batting: RHB Kevin Steed
|
0-0: Ground out U3 (Groundball, 34S, EV 81.2 MPH)
|
|
Batting: RHB Nate Dabney
|
0-0: Called Strike 0-1: Swinging Strike 0-2: Ball 1-2: Ground out 1-3 (Groundball, 15S, EV 66.2 MPH)
|
|
Batting: LHB Glen Boyle
|
0-0: Ground out 6-3 (Groundball, 56, EV 106.2 MPH)
|
| Bottom of the 2nd over - 0 runs, 0 hits, 0 errors, 0 left on base; Bluefield 1 - Detroit (APP) 0 |
| TOP OF THE 3RD |
|
Bluefield Blue Jays batting - Pitching for Detroit (APP) Tigers : LHP Randolph Main
|
|
Batting: LHB Ron de Vos
|
0-0: Ground out 4-3 (Groundball, 4S, EV 81.9 MPH)
|
|
Batting: RHB Manny Elizondo
|
0-0: Ball 1-0: Called Strike 1-1: Ball 2-1: Foul Ball, location: 2F 2-2: Strikes out swinging
|
|
Batting: RHB Mark Noftall
|
0-0: Called Strike 0-1: Ball 1-1: Foul Ball, location: 2F 1-2: Ball 2-2: Ground out 6-3 (Groundball, 6, EV 102.5 MPH)
|
| Top of the 3rd over - 0 runs, 0 hits, 0 errors, 0 left on base; Bluefield 1 - Detroit (APP) 0 |
| BOTTOM OF THE 3RD |
|
Detroit (APP) Tigers batting - Pitching for Bluefield Blue Jays : RHP Shalom Diender
|
|
Batting: RHB George Sonier
|
0-0: Ball 1-0: Foul Ball, location: 2F 1-1: Ball 2-1: Swinging Strike 2-2: Ground out 6-3 (Groundball, 56, EV 88.1 MPH)
|
|
Batting: RHB Yasutaka Yamasaki
|
0-0: Swinging Strike 0-1: Ball 1-1: Ball 2-1: Foul Ball, location: 2F 2-2: Ground out 6-3 (Groundball, 6, EV 101.2 MPH)
|
|
Batting: SHB Salvador Lacosta
|
0-0: Ball 1-0: Ball 2-0: Ball 3-0: Called Strike 3-1: Ground out 2-3 (Groundball, 13S, EV 72.5 MPH)
|
| Bottom of the 3rd over - 0 runs, 0 hits, 0 errors, 0 left on base; Bluefield 1 - Detroit (APP) 0 |
| TOP OF THE 4TH |
|
Bluefield Blue Jays batting - Pitching for Detroit (APP) Tigers : LHP Randolph Main
|
|
Batting: LHB Nate Greening
|
0-0: Ground out 4-3 (Groundball, 4, EV 96.9 MPH)
|
|
Batting: RHB Terry Plumley
|
0-0: SOLO HOME RUN (Flyball, 9LD, EV 96.2 MPH), Distance : 339 ft
|
|
Batting: RHB Akira Kubo
|
0-0: Ball 1-0: Ball 2-0: Ball 3-0: Base on Balls
|
|
Batting: RHB Jake Bronner
|
0-0: Ball 1-0: Ball 2-0: Foul Ball, location: 2F 2-1: Swinging Strike 2-2: Ball 3-2: Ground out 5-3 (Groundball, 56S, EV 67.5 MPH) Akira Kubo to second
|
|
Batting: RHB David Gamez
|
0-0: Ball 1-0: Ground out 6-3 (Groundball, 6S, EV 83.1 MPH)
|
| Top of the 4th over - 1 run, 1 hit, 0 errors, 1 left on base; Bluefield 2 - Detroit (APP) 0 |
| BOTTOM OF THE 4TH |
|
Detroit (APP) Tigers batting - Pitching for Bluefield Blue Jays : RHP Shalom Diender
|
|
Batting: RHB Norm Wood
|
0-0: Called Strike 0-1: Swinging Strike 0-2: Ball 1-2: Ball 2-2: Ground out 1-3 (Groundball, 13S, EV 55.0 MPH)
|
|
Batting: RHB Seth Fox
|
0-0: Ground out 4-3 (Groundball, 4, EV 100.0 MPH)
|
|
Batting: SHB Ronnie Lundy
|
0-0: SINGLE (Groundball, 56D, EV 105.0 MPH)
|
|
Batting: RHB Kevin Steed
|
0-0: Ball 1-0: Ball 2-0: Ball 3-0: Called Strike 3-1: Called Strike 3-2: Strikes out swinging
|
| Bottom of the 4th over - 0 runs, 1 hit, 0 errors, 1 left on base; Bluefield 2 - Detroit (APP) 0 |
| TOP OF THE 5TH |
|
Bluefield Blue Jays batting - Pitching for Detroit (APP) Tigers : LHP Randolph Main
|
|
Batting: RHB Jorge Cruz
|
0-0: Called Strike 0-1: Foul Ball, location: 2F 0-2: Strikes out swinging
|
|
Batting: LHB Ron de Vos
|
0-0: Ball 1-0: SINGLE (Groundball, 4MD, EV 100.6 MPH)
|
|
Batting: RHB Manny Elizondo
|
0-0: Ball 1-0: Ball 2-0: Called Strike 2-1: Foul Ball, location: 2F 2-2: Foul Ball, location: 2F 2-2: Ball 3-2: Base on Balls Ron de Vos to second
|
|
Batting: RHB Mark Noftall
|
0-0: Ball 1-0: Ball 2-0: Called Strike 2-1: Foul Ball, location: 2F 2-2: Strikes out swinging
|
|
Batting: LHB Nate Greening
|
0-0: Ball 1-0: Ball 2-0: Ball Wild Pitch! Ron de Vos to third Manny Elizondo to second 3-0: Base on Balls
|
|
Batting: RHB Terry Plumley
|
0-0: Called Strike 0-1: SINGLE (Line Drive, 4MD, EV 96.2 MPH) Ron de Vos scores Manny Elizondo to third Nate Greening to second Runner from 3rd tries for Home, SAFE, throw by CF to home
|
|
Batting: RHB Akira Kubo
|
0-0: Called Strike 0-1: Foul Ball, location: 2F 0-2: Ball 1-2: Foul Ball, location: 2F 1-2: Ball 2-2: Foul Ball, location: 2F 2-2: Ball 3-2: Ground out 5-3 (Groundball, 25, EV 91.9 MPH)
|
| Top of the 5th over - 2 runs, 2 hits, 0 errors, 2 left on base; Bluefield 4 - Detroit (APP) 0 |
| BOTTOM OF THE 5TH |
|
Detroit (APP) Tigers batting - Pitching for Bluefield Blue Jays : RHP Shalom Diender
|
|
Batting: RHB Nate Dabney
|
0-0: Called Strike 0-1: Ball 1-1: Ball 2-1: Ground out 4-3 (Groundball, 13, EV 84.4 MPH)
|
|
Batting: LHB Glen Boyle
|
0-0: Called Strike 0-1: Ball 1-1: Ball 2-1: Swinging Strike 2-2: SINGLE (Line Drive, 4M, EV 103.8 MPH)
|
|
Batting: RHB George Sonier
|
0-0: Ball 1-0: Called Strike 1-1: Foul Ball, location: 2F 1-2: Ball 2-2: Ball 3-2: Strikes out looking
|
|
Batting: RHB Yasutaka Yamasaki
|
0-0: Called Strike 0-1: Swinging Strike 0-2: Foul Ball, location: 2F 0-2: Ball 1-2: Foul Ball, location: 2F 1-2: Ball 2-2: Foul Ball, location: 2F 2-2: Strikes out swinging
|
| Bottom of the 5th over - 0 runs, 1 hit, 0 errors, 1 left on base; Bluefield 4 - Detroit (APP) 0 |
| TOP OF THE 6TH |
|
Bluefield Blue Jays batting - Pitching for Detroit (APP) Tigers : LHP Randolph Main
|
|
Batting: RHB Jake Bronner
|
0-0: Called Strike 0-1: Foul Ball, location: 2F 0-2: Ball 1-2: Ball 2-2: SINGLE (Groundball, 56, EV 103.1 MPH) (infield hit)
|
|
Batting: RHB David Gamez
|
0-0: Called Strike Jake Bronner is caught stealing 2nd base 2-4 0-1: Ground out 5-3 (Groundball, 56S, EV 89.4 MPH)
|
|
Batting: RHB Jorge Cruz
|
0-0: Ball 1-0: Swinging Strike 1-1: Swinging Strike 1-2: Strikes out swinging
|
| Top of the 6th over - 0 runs, 1 hit, 0 errors, 0 left on base; Bluefield 4 - Detroit (APP) 0 |
| BOTTOM OF THE 6TH |
|
Detroit (APP) Tigers batting - Pitching for Bluefield Blue Jays : RHP Shalom Diender
|
|
Batting: SHB Salvador Lacosta
|
0-0: SINGLE (Flyball, 89S, EV 92.5 MPH)
|
|
Batting: RHB Norm Wood
|
0-0: Swinging Strike 0-1: Swinging Strike 0-2: Strikes out looking
|
|
Batting: RHB Seth Fox
|
0-0: Ball 1-0: Ball 2-0: Foul Ball, location: 2F 2-1: Fielders Choice at 2nd, 6-4 (Groundball, 6, EV 101.9 MPH)
|
|
Batting: SHB Ronnie Lundy
|
0-0: Ball 1-0: Foul Ball, location: 2F 1-1: Ball 2-1: Foul Ball, location: 2F 2-2: SINGLE (Groundball, 4MD, EV 106.2 MPH) Seth Fox to second Runner from 2nd tries for 3rd, OUT! 8-5
|
| Bottom of the 6th over - 0 runs, 2 hits, 0 errors, 1 left on base; Bluefield 4 - Detroit (APP) 0 |
| TOP OF THE 7TH |
|
Bluefield Blue Jays batting - Pitching for Detroit (APP) Tigers : LHP Randolph Main
|
|
Batting: LHB Ron de Vos
|
0-0: Called Strike 0-1: SINGLE (Groundball, 5L, EV 98.1 MPH)
|
|
Batting: RHB Manny Elizondo
|
0-0: Hit by Pitch Ron de Vos to second
|
|
Batting: RHB Mark Noftall
|
0-0: Called Strike Ron de Vos is caught stealing 3rd base 2-5 Manny Elizondo to second 0-1: Foul Ball, location: 2F 0-2: Ball 1-2: Foul Ball, location: 2F 1-2: Foul Ball, location: 2F 1-2: Foul Ball, location: 2F 1-2: Ball 2-2: Ground out 6-3 (Groundball, 56D, EV 83.1 MPH)
|
|
Batting: LHB Nate Greening
|
0-0: Called Strike 0-1: Foul Ball, location: 2F 0-2: Strikes out swinging
|
| Top of the 7th over - 0 runs, 1 hit, 0 errors, 1 left on base; Bluefield 4 - Detroit (APP) 0 |
| BOTTOM OF THE 7TH |
|
Detroit (APP) Tigers batting - Pitching for Bluefield Blue Jays : RHP Shalom Diender
|
|
Now at 1B: Terry Plumley
|
|
|
Now at 3B: Pete Duncan
|
|
|
Batting: RHB Kevin Steed
|
0-0: Called Strike 0-1: Ball 1-1: Ball 2-1: Called Strike 2-2: Foul Ball, location: 2F 2-2: SINGLE (Flyball, 4D, EV 91.2 MPH)
|
|
Batting: RHB Nate Dabney
|
0-0: Ball 1-0: Ball 2-0: Ball 3-0: Called Strike 3-1: Base on Balls Kevin Steed to second
|
|
Batting: LHB Glen Boyle
|
0-0: Ball 1-0: Called Strike 1-1: SINGLE (Line Drive, 56, EV 98.1 MPH) Kevin Steed to third Nate Dabney to second
|
|
Batting: RHB George Sonier
|
0-0: Fly out, F9 (Flyball, 89S, EV 76.2 MPH)
|
|
Batting: RHB Ernst Meloche
|
0-0: Called Strike 0-1: Ball 1-1: Foul Ball, location: 2F 1-2: Foul Ball, location: 2F 1-2: Strikes out looking
|
|
Pitching: RHP Eric Bessire
|
|
|
Pinch Hitting: LHB Timotheus Young
|
0-0: Called Strike 0-1: Ball 1-1: Ground out U3 (Groundball, 3S, EV 64.4 MPH)
|
| Bottom of the 7th over - 0 runs, 2 hits, 0 errors, 3 left on base; Bluefield 4 - Detroit (APP) 0 |
| TOP OF THE 8TH |
|
Bluefield Blue Jays batting - Pitching for Detroit (APP) Tigers : LHP Randolph Main
|
|
Now at 3B: Timotheus Young
|
|
|
Batting: RHB Terry Plumley
|
0-0: Ball 1-0: Ball 2-0: Called Strike 2-1: Ball 3-1: Called Strike 3-2: Ground out 6-3 (Groundball, 56D, EV 88.1 MPH)
|
|
Pitching: RHP Alex Amparo
|
|
|
Batting: RHB Pete Duncan
|
0-0: Swinging Strike 0-1: Called Strike 0-2: Foul Ball, location: 2F 0-2: Strikes out swinging
|
|
Batting: RHB Jake Bronner
|
0-0: Ball 1-0: Foul Ball, location: 2F 1-1: Ball 2-1: Ball 3-1: Called Strike 3-2: Foul Ball, location: 2F 3-2: Base on Balls
|
|
Batting: RHB David Gamez
|
0-0: 2-RUN HOME RUN (Flyball, 78XD, EV 100.6 MPH), Distance : 398 ft
|
|
Batting: RHB Jorge Cruz
|
0-0: Ground out 5-3 (Groundball, 5L, EV 86.2 MPH)
|
| Top of the 8th over - 2 runs, 1 hit, 0 errors, 0 left on base; Bluefield 6 - Detroit (APP) 0 |
| BOTTOM OF THE 8TH |
|
Detroit (APP) Tigers batting - Pitching for Bluefield Blue Jays : RHP Eric Bessire
|
|
Batting: RHB Norm Wood
|
0-0: Ball 1-0: Ball 2-0: Ball 3-0: Base on Balls
|
|
Batting: RHB Seth Fox
|
0-0: Ball 1-0: Swinging Strike 1-1: Swinging Strike 1-2: Strikes out swinging
|
|
Batting: SHB Ronnie Lundy
|
0-0: Ball 1-0: Ball 2-0: Ball 3-0: Base on Balls Norm Wood to second
|
|
Batting: RHB Kevin Steed
|
0-0: Fielders Choice at 2nd, 6-4 (Groundball, 6, EV 102.5 MPH) Norm Wood to third
|
|
Batting: RHB Nate Dabney
|
0-0: SINGLE (Groundball, 4MS, EV 71.2 MPH) (infield hit) Norm Wood scores Kevin Steed to second
|
|
Batting: LHB Glen Boyle
|
0-0: Ball 1-0: Ball 2-0: Ball 3-0: Base on Balls Kevin Steed to third Nate Dabney to second
|
|
Batting: RHB George Sonier
|
0-0: Swinging Strike 0-1: Called Strike 0-2: Strikes out swinging
|
| Bottom of the 8th over - 1 run, 1 hit, 0 errors, 3 left on base; Bluefield 6 - Detroit (APP) 1 |
| TOP OF THE 9TH |
|
Bluefield Blue Jays batting - Pitching for Detroit (APP) Tigers : RHP Alex Amparo
|
|
Pinch Hitting: SHB Kevin Watson
|
0-0: Ball 1-0: Ball 2-0: Fly out, F8 (Line Drive, 89M, EV 91.2 MPH)
|
|
Batting: RHB Manny Elizondo
|
0-0: Foul Ball, location: 2F 0-1: Called Strike 0-2: Ball 1-2: Ball 2-2: Ball 3-2: Base on Balls
|
|
Batting: RHB Mark Noftall
|
0-0: Foul Ball, location: 2F 0-1: DOUBLE (Line Drive, 9LM, EV 106.2 MPH) Manny Elizondo to third Runner from 3rd tries for Home, SAFE, throw by RF to trailing runner, OUT at third! 9-3-5
|
|
Batting: LHB Nate Greening
|
0-0: Ball 1-0: Called Strike 1-1: Swinging Strike 1-2: Strikes out swinging
|
| Top of the 9th over - 1 run, 1 hit, 0 errors, 0 left on base; Bluefield 7 - Detroit (APP) 1 |
| BOTTOM OF THE 9TH |
|
Detroit (APP) Tigers batting - Pitching for Bluefield Blue Jays : RHP Eric Bessire
|
|
Now in LF: Kevin Watson
|
|
|
Now in CF: Manny Elizondo
|
|
|
Batting: RHB Ernst Meloche
|
0-0: Ball 1-0: Called Strike 1-1: Called Strike 1-2: Foul Ball, location: 2F 1-2: Ground out 6-3 (Groundball, 56, EV 89.4 MPH)
|
|
Batting: LHB Timotheus Young
|
0-0: Called Strike 0-1: Foul Ball, location: 2F 0-2: Ball 1-2: Strikes out looking
|
|
Batting: RHB Norm Wood
|
0-0: Ball 1-0: Ball 2-0: Ball 3-0: Called Strike 3-1: Foul Ball, location: 2F 3-2: Strikes out swinging
|
| Bottom of the 9th over - 0 runs, 0 hits, 0 errors, 0 left on base; Bluefield 7 - Detroit (APP) 1 |
|